 Dungeon Crawl Stone Soup version 0.31-a0-237-g2d982f9f85 (webtiles) character file.

Game seed: 7231485473335934725

49 qw the Shooter (level 3, 0/29 HPs)
             Began as a Minotaur Hexslinger on July 11, 2023.
             Frozen to death by an endoplasm (3 damage)
             ... on level 1 of the Dungeon.
             The game lasted 00:00:17 (749 turns).

qw the Shooter (Minotaur Hexslinger)                 Turns: 749, Time: 00:00:17

Health: 0/29       AC:  2    Str: 12    XL:     3   Next: 51%
Magic:  3/3        EV: 12    Int: 10    God:
Gold:   83         SH:  0    Dex: 14    Spells: 3/4 levels left

rFire   . . .        Y - +1 sling
rCold   . . .        (no shield)
rNeg    . . .        c - +0 robe
rPois   .            (helmet restricted)
rElec   .            (no cloak)
rCorr   .            (no gloves)
SInv    .            (no boots)
Will    .....        (no amulet)
Stlth   +            (no ring)
HPRegen 0.24/turn    (no ring)
MPRegen 0.08/turn

%: no passive effects
@: no status effects
A: horns 2, retaliatory headbutt
a: no special abilities


You were on level 1 of the Dungeon.
You visited 1 branch of the dungeon, and saw 2 of its levels.

You collected 83 gold pieces.


Innate Abilities, Weirdness & Mutations

You have a pair of horns on your head.
You reflexively headbutt those who attack you in melee.


   Skills:
 - Level 2.0 Fighting
 + Level 4.1 Ranged Weapons
 - Level 2.1 Dodging
 - Level 1.0 Spellcasting
 - Level 2.0 Hexes


You had 3 spell levels left.
You knew the following spells:

 Your Spells              Type           Power      Damage    Failure   Level
a - Slow                  Hex            16%        N/A       16%         1

Your spell library contained the following spells:

 Spells                   Type           Power      Damage    Failure   Level
 Inner Flame              Hex/Fire       2%         N/A       56%         3
 Portal Projectile        Hex/Tloc       4%         N/A       56%         3
 Cause Fear               Hex            2%         N/A       83%         4

Inventory:

Hand Weapons
 Y - a +1 sling (weapon)
Armour
 c - a +0 robe (worn)

Dungeon Overview and Level Annotations

Branches:
Dungeon (2/15)

Altars:


Message History

You feel your willpower return. The adder bites you but does no damage.
The endoplasm closely misses you.
The giant cockroach bites you but does no damage.
The dart slug bites you. The adder misses you. You furiously retaliate!
You headbutt the adder!
You kill the adder!
Your Ranged Weapons skill increases to level 4!
You shoot a sling bullet. The sling bullet hits the dart slug!
You kill the dart slug!
The giant cockroach bites you but does no damage.
The endoplasm closely misses you. The giant cockroach closely misses you.
You furiously retaliate!
You headbutt the giant cockroach. You shoot a sling bullet.
The sling bullet hits the giant cockroach.
The giant cockroach is heavily wounded.
The endoplasm freezes you.
You are frozen.
The giant cockroach bites you. The endoplasm freezes you.
You are frozen.
You shoot a sling bullet.
The sling bullet hits the giant cockroach but does no damage.
The giant cockroach is heavily wounded.
The giant cockroach bites you. The endoplasm hits you.
You shoot a sling bullet.
The sling bullet hits the giant cockroach but does no damage.
The giant cockroach is heavily wounded.
The giant cockroach bites you. The endoplasm barely misses you.
You furiously retaliate!
You headbutt the endoplasm. The giant cockroach barely misses you.
You furiously retaliate!
You headbutt the giant cockroach. You shoot a sling bullet.
The sling bullet hits the giant cockroach.
You kill the giant cockroach!
The endoplasm freezes you.
You are frozen.
You shoot a sling bullet. The sling bullet hits the endoplasm.
The endoplasm is almost dead.
The endoplasm freezes you.
You are frozen.
You die...

...))...#
#.#.#########..#.#
#########
#..............#%#
###............#.#
##..##########.# #..# #.#
#.)# #.# # ######..# #.#
### #..%##..# #.# ..##
#.#%@...# ########.#
.#.### #..J###.#
#........# .....# ##.##
#.# #.######## .#.#.#
#>####.###.# ..##.#
#........#.# .###.#
######.#.#.# .#
#.##############.#.#.#
.###................#.#.#
....###.#############.#.#


You could see an endoplasm.

Vanquished Creatures
  A gnoll (D:1)
  An adder (D:1)
  2 dart slugs (D:1)
  4 ball pythons (D:1)
  7 bats (D:1)
  A giant cockroach (D:1)
  2 hobgoblins (D:1)
  4 kobolds (D:1)
  3 frilled lizards (D:1)
  2 goblins (D:1)
  A rat (D:1)
28 creatures vanquished.

Notes
Turn   | Place    | Note
-------+----------+-------------------------------------------
     0 | D:1      | qw the Minotaur Hexslinger began the quest for the Orb.
     0 | D:1      | Reached XP level 1. HP: 16/16 MP: 1/1
     0 | D:1      | 0 ||| qw: Version: 0.3-a-52-g30416fa
     0 | D:1      | 0 ||| qw: Game counter: 5729
     0 | D:1      | 0 ||| qw: Melee chars always use a shield: true
     0 | D:1      | 0 ||| qw: God list: Okawaru
     0 | D:1      | 0 ||| qw: Allow faded altars: false
     0 | D:1      | 0 ||| qw: Do Orc after clearing Dungeon:15 true
     0 | D:1      | 0 ||| qw: Do second Lair branch before Depths: true
     0 | D:1      | 0 ||| qw: Lair rune preference: random
     0 | D:1      | 0 ||| qw: Goals: Normal
     0 | D:1      | 0 ||| PLANNING D:1-11
   161 | D:1      | Reached skill level 3 in Ranged Weapons
   166 | D:1      | Reached XP level 2. HP: 23/23 MP: 2/2
   348 | D:1      | Reached XP level 3. HP: 29/29 MP: 3/3
   604 | D:1      | 604 ||| READING scroll labelled XAPNACZ WOADD.
   605 | D:1      | 605 ||| READING scroll labelled XETSOO MIBU.
   609 | D:1      | 609 ||| READING scroll labelled FUPEIJ MAHOALO.
   710 | D:1      | 710 ||| READING scroll labelled XYHAPRU DACKE.
   711 | D:1      | 711 ||| READING scroll labelled YSCHUCVAUWI.
   712 | D:1      | 712 ||| DROPPING scroll of poison.
   741 | D:2      | 741 ||| STAIRDANCE
   744 | D:1      | Reached skill level 4 in Ranged Weapons
   746 | D:1      | HP: 7/29 [endoplasm (1)]
   748 | D:1      | HP: 3/29 [frozen (3)]
   749 | D:1      | Frozen to death by an endoplasm

Levels and vault maps discovered:
D:1:      wander_arrival_desolate, layout_loops_ring,
          minmay_misc_feat_more_columns
D:2:      layout_loops_ring, grunt_ministairs_7, minmay_goblin_kobold_house

Skill      XL: |  1  2  3 |
---------------+----------+-----
Ranged Weapons | 3 4 |  4.1
Fighting       | 2 |  2.0
Dodging        | |  2.1
Spellcasting   | |  1.0
Hexes          | |  2.0

Action                     || total
---------------------------++-------
   Fire: Sling             ||    66
    Use: Scroll            ||     5
 Armour: Robe              ||     7
  Dodge: Dodged            ||    25

Table legend:
 A = Non-vault XP
 B = Vault XP
 C = Vault XP percentage of total XP
 D = Non-vault monster count
 E = Vault monster count
 F = Vault count percentage of total count
                 A         B        C        D         E       F
            +---------+---------+-------+---------+---------+-------
      Total |      53 |      17 |  24.3 |      26 |       2 |   7.1
            +---------+---------+-------+---------+---------+-------
        D:1 |      53 |      17 |  24.3 |      26 |       2 |   7.1
            +---------+---------+-------+---------+---------+-------
